 Dungeon Crawl Stone Soup version 0.31-a0-1005-gfbdfbacc72 (webtiles) character file.

Game seed: 1146128562807797447

305 BinkBink the Magician (level 6, -1/40 HPs)
             Began as a Djinni Air Elementalist on Nov 11, 2023.
             Slain by a kobold
             ... wielding a +0 short sword
              (4 damage)
             ... on level 4 of the Dungeon.
             The game lasted 00:06:07 (2595 turns).

BinkBink the Magician (Djinni Air Elementalist)     Turns: 2595, Time: 00:06:07

Health: -1/40      AC:  2    Str:  7    XL:     6   Next: 66%
Gold:   198        EV: 12    Int: 19    God:
                   SH:  0    Dex: 13

rFire   + + .        (no weapon)
rCold   x . .        (no shield)
rNeg    . . .        a - +0 robe
rPois   ∞            (no helmet)
rElec   .            (no cloak)
rCorr   .            (no gloves)
SInv    +            (boots unavailable)
Will    .....        (no amulet)
Stlth   ++           h - ring of see invisible
HPRegen 0.26/turn    (no ring)
MPRegen 0.00/turn

%: infuse magic (-2 HP)
@: swift, flying, very quick
A: sickness immunity, fire resistance 2, cold vulnerability 1, float, innate
caster, HP casting, extra vitality 1
a: no special abilities


You were on level 4 of the Dungeon.
You visited 1 branch of the dungeon, and saw 4 of its levels.

You collected 198 gold pieces.

Inventory:

Hand Weapons
 c - a +4 short sword
Armour
 a - a +0 robe (worn)
Jewellery
 h - a ring of see invisible (left hand)
Wands
 j - a wand of polymorph (8)
Scrolls
 e - a scroll of amnesia {unknown}
 f - 3 scrolls of fog {unknown}
 k - 2 scrolls of teleportation {unknown}
 l - a scroll of brand weapon {unknown}
 m - a scroll of enchant armour {unknown}
 n - a scroll of fear {unknown}
 p - a scroll of poison {unknown}
Potions
 b - a potion of lignification {unknown}
 d - 2 potions of berserk rage {unknown}
 g - a potion of might {unknown}
 i - a potion of curing {unknown}
 o - a potion of cancellation {unknown}


   Skills:
 - Level 2.1 Dodging
 - Level 1.5 Stealth
 + Level 5.5 Spellcasting
 + Level 5.5 Conjurations
 + Level 5.5 Hexes
 + Level 5.5 Summonings
 + Level 5.5 Necromancy
 + Level 5.5 Translocations
 + Level 5.5 Transmutations
 + Level 5.5 Fire Magic
 + Level 5.5 Ice Magic
 + Level 5.5 Air Magic
 + Level 5.5 Earth Magic
 + Level 5.5 Poison Magic


You knew the following spells:

 Your Spells              Type           Power      Damage    Failure   Level
a - Shock                 Conj/Air       100%       1d9       1%          1
b - Static Discharge      Conj/Air       52%        3-6/arc   1%          2
c - Swiftness             Air            26%        N/A       3%          3
d - Airstrike             Air            13%        2d(2-18)  12%         4
e - Foxfire               Conj/Fire      100%       2x1d9     1%          1
f - Scorch                Fire           52%        2d7       1%          2
Your spell library was empty.

Dungeon Overview and Level Annotations

Branches:
Dungeon (4/15)
 Temple: D:4-7

Altars:
Uskayaw

Shops:
D:1 [


Innate Abilities, Weirdness & Mutations

You are immune to sickness and miasma.
You are immune to poison.
Your flesh is very heat resistant. (rF++)
You are vulnerable to cold. (rC-)
You float through the air rather than walking.
You learn spells naturally, not from books.
Your magical power is your life essence.
You have superior vitality. (+4 MHP)


Message History

Confirm with . or Enter, or press ? or * to list all spells.
Flames lash the wight.
The wight is moderately damaged.
The wight's fire resistance burns away.
The foxfire hits the wight!
The wight is burned terribly!
You destroy the wight!
The foxfire hits the wight.
The wight is moderately damaged.
A kobold comes into view.
It is wielding a +0 short sword and quivering poisoned darts.
Casting: Scorch (safe; 1% risk of failure)
Confirm with . or Enter, or press ? or * to list all spells.
Flames lash the wight.
The wight is heavily damaged.
The wight's fire resistance burns away.
The kobold shouts!
Casting: Scorch (safe; 1% risk of failure)
Confirm with . or Enter, or press ? or * to list all spells.
You conjure some foxfire!
The wight hits you from afar with a +4 trident of freezing!
The wight freezes you.
Unknown command.
The foxfire hits the wight but does no damage.
The wight is heavily damaged.
The foxfire hits the wight but does no damage.
The wight is heavily damaged.
The wight attacks as it pursues you! The wight closely misses you.
Casting: Foxfire (safe; 1% risk of failure)
Confirm with . or Enter, or press ? or * to list all spells.
You feel quick.
The wight is no longer more vulnerable to fire.
The kobold hits you but does no damage.
The kobold hits you with a +0 short sword.
The wight attacks as it pursues you!
The wight hits you from afar with a +4 trident of freezing!
* * * LOW HITPOINT WARNING * * *
The wight freezes you.
* * * LOW HITPOINT WARNING * * *
The kobold attacks as it pursues you!
The kobold hits you with a +0 short sword.
You die...

#.#..# #.# #.#..# #.#
#.#..# #.#. .. #.# #.#..#
....... ... #.#..# #
.....#. #.####.#.[#.###.
.....#.##.#[...#.........
........#<#.##........#.#
.8.._...#@#..#........#
........#.K.z...)...$.#
.......<#.............#
.....#...........####+#
... #..###..#...# . #..#
#..#.### ..... ......
###..###..#.## #..#
#......


You could see a wight and a kobold.

Vanquished Creatures
  A wight (D:4)
  An orc priest (D:3)
  3 orc wizards (D:3)
  7 adders
  A worm (D:2)
  A dart slug (D:1)
  5 orcs (D:3)
  4 bats
  8 endoplasms
  3 giant cockroaches
  5 goblins
  4 hobgoblins
  3 jackals
  2 quokkas (D:2)
  8 ball pythons
  5 frilled lizards
  10 kobolds
  6 rats
77 creatures vanquished.

Vanquished Creatures (others)
  13 foxfires
13 creatures vanquished.

Grand Total: 90 creatures vanquished

Notes
Turn   | Place    | Note
-------+----------+-------------------------------------------
     0 | D:1      | BinkBink the Djinni Air Elementalist began the quest for
                  | the Orb.
     0 | D:1      | BinkBink set off with the following spells memorised:
                  | Shock, Static Discharge, Swiftness, Airstrike.
     0 | D:1      | Reached XP level 1. HP: 15/15 MP: 0/0
   151 | D:1      | Reached XP level 2. HP: 18/21 MP: 0/0
   289 | D:1      | Found Inwink Louli's Armour Shoppe.
   333 | D:1      | Reached XP level 3. HP: 24/25 MP: 0/0
   333 | D:1      | Learned a level 1 spell: Foxfire
   883 | D:2      | Reached XP level 4. HP: 10/31 MP: 0/0
  1607 | D:2      | Reached XP level 5. HP: 20/35 MP: 0/0
  1607 | D:2      | Learned a level 2 spell: Scorch
  2154 | D:3      | Reached skill level 5 in Spellcasting
  2154 | D:3      | Reached skill level 5 in Conjurations
  2154 | D:3      | Reached skill level 5 in Hexes
  2154 | D:3      | Reached skill level 5 in Summonings
  2154 | D:3      | Reached skill level 5 in Necromancy
  2154 | D:3      | Reached skill level 5 in Translocations
  2154 | D:3      | Reached skill level 5 in Transmutations
  2154 | D:3      | Reached skill level 5 in Fire Magic
  2154 | D:3      | Reached skill level 5 in Ice Magic
  2154 | D:3      | Reached skill level 5 in Air Magic
  2154 | D:3      | Reached skill level 5 in Earth Magic
  2154 | D:3      | Reached skill level 5 in Poison Magic
  2154 | D:3      | Reached XP level 6. HP: 28/40 MP: 0/0
  2429 | D:3      | Identified the +7 short sword of Resumed Hostilities
                  | {flame, rN++ Str+2 Stlth-}
  2570 | D:4      | Found a hide-covered altar of Uskayaw.
  2595 | D:4      | Slain by a kobold

Illustrated notes

Levels and vault maps discovered:
D:1:      matt_arrival_refuge, layout_basic, serial_shops, shop, serial_forest,
          infiniplex_forest_lined_room_2, infiniplex_forest_clump_small,
          infiniplex_forest_corner_1, infiniplex_forest_lined_room_,
          infiniplex_forest_clump_tiny, infiniplex_forest_lined_2,
          infiniplex_forest_clump_diagonal
D:2:      minmay_diamond_boxcup, layout_loops_ring, nicolae_underground_beach
D:3:      layout_rooms, nicolae_elevator_lobby_asterisk
D:4:      layout_basic, bloody_makhleb, old_standard_altar,
          grunt_temple_overflow_open, temple_green

Skill      XL: |  1  2  3  4  5 |
---------------+----------------+-----
Spellcasting   | 4 5 |  5.5
Conjurations   | 4 5 |  5.5
Hexes          | 4 5 |  5.5
Summonings     | 4 5 |  5.5
Necromancy     | 4 5 |  5.5
Translocations | 4 5 |  5.5
Transmutations | 4 5 |  5.5
Fire Magic     | 4 5 |  5.5
Ice Magic      | 4 5 |  5.5
Air Magic      | 4 5 |  5.5
Earth Magic    | 4 5 |  5.5
Poison Magic   | 4 5 |  5.5
Dodging        | |  2.1
Stealth        | |  1.5

Action                     |  1- 3 |  4- 6 || total
---------------------------+-------+-------++-------
   Cast: Shock             |    53 |    77 ||   130
         Static Discharge  |     3 |     6 ||     9
         Foxfire           |       |     8 ||     8
         Scorch            |       |     3 ||     3
         Swiftness         |       |     1 ||     1
 Armour: Robe              |     8 |    17 ||    25
  Dodge: Dodged            |     9 |     5 ||    14

Table legend: (Time is in decaauts)
 A = Elapsed time spent in this place.
 B = Non-inter-level travel time spent in this place.
 C = Inter-level travel time spent in this place.
 D = Time resting spent in this place.
 E = Time spent auto-exploring this place.
 F = Levels seen in this place.
 G = Mean time per level.
                   A        B        C        D        E       F      G
               +--------+--------+--------+--------+--------+-----+--------+
         Total |   2595 |   2525 |     70 |      0 |   2214 |   4 |  648.8 |
       Dungeon |   2595 |   2525 |     70 |      0 |   2214 |   4 |  648.8 |
               +--------+--------+--------+--------+--------+-----+--------+

Top non-repeatable levels by time:
     D:1: 961 daAuts
     D:2: 879 daAuts
     D:3: 729 daAuts
     D:4: 24 daAuts
